cohdb
Replays
Latest Replays
All Replays
Popular Replays
Top Player Replays
Match Explorer
How It Works
Community
CoH3 Stats
Reddit
Sign in to upload your games and track your stats! →
Sign in with Steam
Match 40540149
Unlisted
Match 40540149
Overview
Messages
Build Orders
End
Kettenkrad Recon Vehicle
Construct Infanterie Kompanie
MG 42 Machine Gun Team
MG 42 Machine Gun Team
GrW 34 Mortar Team
Construct Panzergrenadier Kompanie
Selects Mechanized Battlegroup
Pak 40 Anti-tank Gun Team
Panzergrenadier Squad
Selects Spotting Scopes
Selects Stoßtruppen Assault Package
Pioneer Squad
Support Elements
Panzergrenadier Squad
Nebelwerfer 42 Rocket Launcher Team
Nebelwerfer 42 Rocket Launcher Team
Microsoft Outlook
deadsadbadmad
steakiller
WeaKzi
0
0
Comments
sign in to comment!
No comments posted yet!